 Dungeon Crawl Stone Soup version 0.28-a0-1152-g9c71ebef14 (webtiles) character file.

Game seed: 17631489937924593081

209 spaghetti the Skirmisher (level 5, -9/47 HPs)
             Began as a Mummy Delver on Dec 14, 2021.
             Mangled by a wyvern skeleton (11 damage)
             ... on level 5 of the Dungeon.
             The game lasted 00:02:17 (1434 turns).

spaghetti the Skirmisher (Mummy Delver)             Turns: 1434, Time: 00:02:17

Health: -9/47      AC:  4    Str: 17    XL:     5   Next: 55%
Magic:  5/5        EV: 11    Int: 10    God:
Gold:   27         SH:  0    Dex: 13    Spells: 4/4 levels left

rFire   x . .      SeeInvis .   a - +0 falchion {long}
rCold   + . .      Faith    .   (no shield)
rNeg    + + +      Spirit   .   b - +0 leather armour
rPois   ∞          Reflect  .   (no helmet)
rElec   .          Harm     .   j - +0 cloak
rCorr   .          Rampage  .   (no gloves)
Will    .....                   (no boots)
Stlth   ++........              (no amulet)
HPRegen 0.15/turn               (no ring)
MPRegen 0.09/turn               (no ring)

@: no status effects
A: cold resistance 1, negative energy resistance 3, torment resistance 2, heat
vulnerability 1, no potions
a: no special abilities


You were on level 5 of the Dungeon.
You visited 1 branch of the dungeon, and saw 3 of its levels.

You collected 27 gold pieces.


Innate Abilities, Weirdness & Mutations

You are immune to poison.
Your flesh is cold resistant. (rC+)
You are immune to negative energy. (rN+++)
You are immune to unholy pain and torment.
You are vulnerable to heat. (rF-)
You do not drink.


   Skills:
 + Level 6.3 Fighting
 - Level 1.5 Long Blades
 - Level 1.5 Dodging
 - Level 4.1 Stealth


You had 4 spell levels left.
You didn't know any spells.
Your spell library was empty.

Inventory:

Hand Weapons
 a - a +0 falchion (weapon) {long}
Missiles
 h - 22 arrows
 i - 20 stones (quivered) {throwing}
 l - 23 bolts
Armour
 b - a +0 leather armour (worn)
 j - a +0 cloak (worn)
   (You found it on level 5 of the Dungeon)
Jewellery
 g - a ring of flight
   (You found it on level 5 of the Dungeon)
Wands
 f - a wand of digging (3)
Scrolls
 c - a scroll of fog
 d - a scroll of magic mapping {!r}

Dungeon Overview and Level Annotations

Branches:
Dungeon (6/15)
 Temple: D:4-7

Altars:
Xom

Annotations:
D:5 Duvessa, Ijyb

#..# ##.## #..... #..#
#..# #..... #...##.<#
#..... #...#..# ##....
#...#..# #....
#.....## #....
###.....### ##...
####.........####...
#.Z@.##.........#...
#....#####...##.......
....### ##...###.....
.## #....####...
##.... ###. ##... #


You could see a wyvern skeleton.


Message History

The puff of flame hits the centaur zombie.
The centaur zombie hits you but does no damage.
The centaur zombie kicks you but does no damage.
The centaur zombie hits you but does no damage.
The centaur zombie kicks you but does no damage. 😨 HP[+1]
Aiming: Throw Flame
Press: ? - help, Shift-Dir - straight line, f/p - centaur zombie
Aim: a centaur zombie (lightly damaged, 100% to hit)
The puff of flame hits the centaur zombie.
The now-empty wand crumbles to dust.
The centaur zombie hits you but does no damage.
The centaur zombie kicks you but does no damage.
Unknown command.
Unknown command.
Okay, then.
Unknown command.
You can't drink.
Okay, then.
Unknown command.
You hit the centaur zombie.
The centaur zombie hits you but does no damage.
The centaur zombie completely misses you.
You slash the centaur zombie! The centaur zombie hits you.
* * * LOW HITPOINT WARNING * * *
The centaur zombie kicks you but does no damage.
The centaur zombie closely misses you. The centaur zombie kicks you.
* * * LOW HITPOINT WARNING * * *
😱 HP[-6]
You take 6 damage, and now have 9/46 hp.
Unknown command.
Unknown command.
Unknown command.
You hit the centaur zombie. The centaur zombie barely misses you.
The centaur zombie kicks you but does no damage.
The centaur zombie hits you.
* * * LOW HITPOINT WARNING * * *
The centaur zombie barely misses you. 😱 HP[-4]
You take 4 damage, and now have 5/46 hp.
Unknown command.
Unknown command.
You hit the centaur zombie.
The centaur zombie hits you but does no damage.
The centaur zombie kicks you but does no damage.
You slash the centaur zombie!
The centaur zombie hits you but does no damage.
The centaur zombie barely misses you. The centaur zombie hits you.
* * * LOW HITPOINT WARNING * * *
The centaur zombie kicks you but does no damage.
Unknown command.
Unknown command.
You hit the centaur zombie.
You destroy the centaur zombie!
You now have 47 max hp (+1). 😱 HP[+1] 😱 HP[+1]
There is a stone staircase leading down here.
You don't know any spells.
You don't know any spells.
You start resting. 😎 HP[+40]
Your hp is fully restored (47).
Unknown command.
You now have 27 gold pieces (gained 12).
You see here a +0 robe.
A wyvern skeleton comes into view.
A wyvern skeleton is nearby!
You slash the wyvern skeleton! The wyvern skeleton bites you! x2
* * * LOW HITPOINT WARNING * * *
😨 HP[-28]
You take 28 damage, and now have 19/47 hp.
MASSIVE DAMAGE!! (PAUSE) Unknown command.
Unknown command.
You hit the wyvern skeleton. The wyvern skeleton bites you!
* * * LOW HITPOINT WARNING * * *
😱 HP[-12]
You take 12 damage, and now have 7/47 hp.
MASSIVE DAMAGE!! (PAUSE) Unknown command.
Unknown command.
You can't drink.
Okay, then.
Unknown command.
Okay, then.
Unknown command.
You completely miss the wyvern skeleton.
The wyvern skeleton bites you but does no damage.
The wyvern skeleton bites you.
* * * LOW HITPOINT WARNING * * *
😱 HP[-5]
You take 5 damage, and now have 2/47 hp.
Unknown command.
Unknown command.
Unknown command.
You slash the wyvern skeleton!
The wyvern skeleton bites you but does no damage.
The wyvern skeleton bites you!
You die...

Skill      XL: |  1  2  3  4 |
---------------+-------------+-----
Fighting       | 4 5 6 |  6.3
Long Blades    | |  1.5
Dodging        | |  1.5
Stealth        | |  4.1

Action                   |  1- 3 |  4- 6 || total
-------------------------+-------+-------++-------
Melee: Falchion          |    19 |    15 ||    34
Evoke: Wand              |       |    20 ||    20
  Use: Scroll            |       |     1 ||     1
 Stab: Sleeping          |     3 |       ||     3
Armor: Leather armour    |     8 |    19 ||    27
Dodge: Dodged            |    12 |    16 ||    28

Levels and vault maps discovered:
D:4:      layout_loops_corners, mainiacjoe_overflow_paths,
          grunt_dithmenos_smoke, temple_hall, minmay_small_thing, uniq_grinder
D:5:      layout_cave_pods, mainiacjoe_overflow_alcove_4, saegor_snake_ambush,
          uniq_duvessa, uniq_crazy_yiuf_cottage, uniq_ijyb
D:6:      layout_loops_ring, nicolae_qazlal_style_of_elements,
          mainiacjoe_overflow_cross_hatched, grunt_ministairs_5, uniq_edmund

Notes
Turn   | Place    | Note
-------+----------+-------------------------------------------
     0 | D:5      | spaghetti the Mummy Delver began the quest for the Orb.
     0 | D:5      | Reached XP level 1. HP: 18/18 MP: 1/1
     0 | D:5      | magus.rc [v1.9.6]
    19 | D:5      | Noticed Duvessa
    22 | D:5      | Noticed a water moccasin zombie
    32 | D:5      | HP: 4/18 [water moccasin zombie (4)]
   284 | D:4      | Reached skill level 4 in Fighting
   284 | D:4      | Reached XP level 2. HP: 12/25 MP: 2/2
   284 | D:4      | Reached XP level 3. HP: 15/30 MP: 3/3
   544 | D:4      | Noticed a necrophage
   731 | D:6      | Found a shimmering altar of Xom.
   731 | D:6      | Noticed a centaur
   739 | D:6      | Killed a centaur
   740 | D:6      | Reached skill level 5 in Fighting
   740 | D:6      | Reached XP level 4. HP: 16/39 MP: 4/4
   792 | D:5      | HP: 7/39 [water moccasin zombie (3)]
   795 | D:5      | Reached skill level 6 in Fighting
   795 | D:5      | Reached XP level 5. HP: 8/46 MP: 5/5
  1072 | D:5      | Noticed Ijyb
  1090 | D:5      | HP: 11/46 [centaur zombie (4)]
  1091 | D:5      | HP: 5/46 [centaur zombie (4)]
  1432 | D:5      | HP: 7/47 [wyvern skeleton (12)]
  1433 | D:5      | HP: 2/47 [wyvern skeleton (5)]
  1434 | D:5      | Mangled by a wyvern skeleton

Vanquished Creatures
  A centaur (D:6)
  A water moccasin zombie (D:5)
  A centaur zombie (D:5)
  A bullfrog skeleton (D:4)
  A howler monkey zombie (D:6)
  An adder (D:4)
  A hobgoblin (D:4)
7 creatures vanquished.

Table legend:
 A = Non-vault XP
 B = Vault XP
 C = Vault XP percentage of total XP
 D = Non-vault monster count
 E = Vault monster count
 F = Vault count percentage of total count
                 A         B        C        D         E       F
            +---------+---------+-------+---------+---------+-------
      Total |     299 |       0 |   0.0 |       7 |       0 |   0.0
            +---------+---------+-------+---------+---------+-------
        D:4 |      54 |       0 |   0.0 |       3 |       0 |   0.0
        D:5 |     124 |       0 |   0.0 |       2 |       0 |   0.0
        D:6 |     121 |       0 |   0.0 |       2 |       0 |   0.0
            +---------+---------+-------+---------+---------+-------

Illustrated notes

Table legend:
 A = Kills in this place as a percentage of kills in entire the game.
 B = Kills by you in this place as a percentage of kills by you in the entire game.
 C = Kills by friends in this place as a percentage of kills by friends in the entire game.
 D = Other kills in this place as a percentage of other kills in the entire game.
 E = Experience gained in this place as a percentage of experience gained in the entire game.
 F = Experience gained in this place divided by the number of levels of this place that you have seen.
                   A       B       C       D       E      F
               +-------+-------+-------+-------+-------+----------------------
         Total | 100.0 | 100.0 |   N/A |   N/A | 100.0 |  99.7
       Dungeon | 100.0 | 100.0 |   N/A |   N/A | 100.0 |  99.7
               +-------+-------+-------+-------+-------+----------------------

Table legend: (Time is in decaauts)
 A = Elapsed time spent in this place.
 B = Non-inter-level travel time spent in this place.
 C = Inter-level travel time spent in this place.
 D = Time resting spent in this place.
 E = Time spent auto-exploring this place.
 F = Levels seen in this place.
 G = Mean time per level.
                   A        B        C        D        E       F      G
               +--------+--------+--------+--------+--------+-----+--------+
         Total |   1442 |   1442 |      0 |   1000 |    249 |   3 |  480.7 |
       Dungeon |   1442 |   1442 |      0 |   1000 |    249 |   3 |  480.7 |
               +--------+--------+--------+--------+--------+-----+--------+

Top non-repeatable levels by time:
     D:5: 816 daAuts
     D:4: 565 daAuts
     D:6: 59 daAuts
